 Seeded DCSS version 0.25.1-8-g42b30a86e7 (webtiles) character file.

Game seed: 20201210 (custom seed)

14 radhat240 the Sneak (level 2, -2/26 HPs)
             Began as a Naga Assassin on Dec 14, 2020.
             Slain by a gnoll
             ... wielding a +0 whip
              (9 damage)
             ... on level 2 of the Dungeon.
             The game lasted 00:03:52 (621 turns).

radhat240 the Sneak (Naga Assassin)                  Turns: 621, Time: 00:03:53

Health: -2/26      AC:  2    Str: 13    XL:     2   Next: 41%
Magic:  2/2        EV:  9    Int: 11    God:
Gold:   13         SH:  0    Dex: 12    Spells: 1/1 levels left

rFire    . . .     SeeInvis +   a - +2 dagger
rCold    . . .     Gourm    .   (no shield)
rNeg     . . .     Faith    .   b - +0 robe
rPois    +         Spirit   .   (no helmet)
rElec    .         Reflect  .   c - +0 cloak
rCorr    .         Harm     .   (no gloves)
MR       .....                  (no barding)
Stlth    +++.......             j - amulet of regeneration
HPRegen  0.48/turn              (no ring)
MPRegen  0.08/turn              (no ring)

@: very slow
A: large, see invisible, deformed body, poison resistance, slowness 2, slow
metabolism 1, spit poison 1, AC +0
a: Spit Poison


You were on level 2 of the Dungeon.
You were not hungry.

You visited 1 branch of the dungeon, and saw 2 of its levels.

You collected 13 gold pieces.

Inventory:

Hand Weapons
 a - a +2 dagger (weapon)
Missiles
 d - 8 poisoned darts (quivered)
 e - 2 curare-tipped darts
 h - 7 atropa-tipped darts
Armour
 b - a +0 robe (worn)
 c - a +0 cloak (worn)
Jewellery
 j - an amulet of regeneration (around neck)
Scrolls
 g - a scroll of identify {unknown}
 i - a scroll of amnesia {unknown}
Comestibles
 f - 2 rations


   Skills:
 + Level 2.0 Fighting
 * Level 2.0 Short Blades
 + Level 1.7 Throwing
 * Level 1.0 Dodging
 * Level 6.6 Stealth


You had one spell level left.
You didn't know any spells.
Your spell library was empty.

Dungeon Overview and Level Annotations

Branches:
Dungeon (2/15)

Altars:


Innate Abilities, Weirdness & Mutations

You cannot wear boots.
Your serpentine skin is tough. (AC +0)
You have supernaturally acute eyesight. (SInv)
Armour fits poorly on your strangely shaped body.
Your system is resistant to poisons. (rPois)
You cover ground very slowly.
You have a slow metabolism.
You can spit poison.


Message History

The gnoll hits you with a +0 whip! The hobgoblin misses you.
There is a stone staircase leading down, spattered with blood here.
The gnoll hits you with a +0 whip. The hobgoblin hits you.
You climb downwards.
There is a stone staircase leading up here.
The gnoll barely misses you. The hobgoblin hits you.
* * * LOW HITPOINT WARNING * * *
You climb upwards.
The kobold hits you with a +0 whip.
* * * LOW HITPOINT WARNING * * *
There is a stone staircase leading down, spattered with blood here.
The gnoll hits you but does no damage. The kobold hits you but does no damage.
The rat barely misses you. The hobgoblin closely misses you.
You climb downwards.
A jackal comes into view.
The jackal moves out of view.
There is a stone staircase leading up, spattered with blood here.
You aren't carrying any potions.
Okay, then.
The gnoll hits you with a +0 whip!
You die...

P.P..##...#
P.P.....†.#
PP.......#
...##...#
#..#...# #.#...#
#.....#
.....#.rgg# .
.###.#.K@.###....
#.....<.......
....##..########
.....+.... ....
##..## .... #..#
... #..# #..# #?.


You could see a gnoll, a hobgoblin, a kobold and a rat.

Vanquished Creatures
  2 goblins (D:1)
  3 hobgoblins (D:1)
  2 bats (D:1)
  2 frilled lizards
  2 kobolds (D:1)
  3 rats (D:1)
14 creatures vanquished.

Notes
Turn   | Place    | Note
-------+----------+-------------------------------------------
     0 | D:1      | radhat240 the Naga Assassin began the quest for the Orb.
     0 | D:1      | Reached XP level 1. HP: 19/19 MP: 1/1
    89 | D:1      | Reached skill level 6 in Stealth
   278 | D:1      | Reached XP level 2. HP: 14/26 MP: 2/2
   309 | D:1      | Reached skill level 1 in Dodging
   621 | D:2      | Slain by a gnoll

Illustrated notes

Levels and vault maps discovered:
D:1:      dpeg_arrival_snail, layout_basic
D:2:      layout_basic, chequers_temple_overflow_statue_of_worship,
          minmay_hedge_maze, minmay_misc_feat_five

Skill      XL: |  1  2 |
---------------+-------+-----
Stealth        | 6 |  6.6
Dodging        | 1 |  1.0
Fighting       | |  2.0
Short Blades   | |  2.0
Throwing       | |  1.7

Action                   || total
-------------------------++-------
Melee: Dagger            ||    41
 Stab: Sleeping          ||     3
Armor: Robe              ||    21
Dodge: Dodged            ||    30
